 Dungeon Crawl Stone Soup version 0.29-a0-823-gc37b1572da (webtiles) character file.

Game seed: 17042819683957411132

2156 ytrimaz the Cleaver (level 9, -2/94 HPs)
             Began as a Demonspawn Fighter on July 7, 2022.
             Was an Initiate of Ashenzari.
             Slain by a killer bee (3 damage)
             ... on level 6 of the Dungeon on July 9, 2022.
             The game lasted 00:06:11 (6614 turns).

ytrimaz the Cleaver (Demonspawn Fighter)            Turns: 6614, Time: 00:06:11

Health: -2/94      AC: 24    Str: 21    XL:     9   Next: 10%
Magic:  9/9        EV:  2    Int:  9    God:    Ashenzari [......]
Gold:   300        SH:  0    Dex: 13    Spells: 8/8 levels left

rFire   . . .      SeeInvis .   a - +0 war axe
rCold   . . .      Faith    .   (no shield)
rNeg    + . .      Spirit   .   (body armour currently unavailable)
rPois   +          Reflect  .   (helmet currently unavailable)
rElec   .          Harm     .   (cloak currently unavailable)
rCorr   .          Rampage  .   (gloves currently unavailable)
Will    .....      NoTele   +   (boots currently unavailable)
Stlth   +.........              s - amulet of the acrobat
HPRegen 0.25/turn               p - ring of positive energy
MPRegen 0.11/turn               (no ring)

@: tree-form
A: stationary, stasis, torment immunity, boosted hp, (molten scales 1), foul
stench 1, powered by pain 2, (demonic touch 2)
a: Renounce Religion


You were on level 6 of the Dungeon.
You worshipped Ashenzari.
Ashenzari was noncommittal.
You were a tree.
You visited 1 branch of the dungeon, and saw 6 of its levels.
You also visited: Sewer.

You collected 300 gold pieces.

Inventory:

Hand Weapons
 a - a +0 war axe (weapon)
 t - a +0 broad axe
Missiles
 e - a throwing net
 h - 7 boomerangs (quivered)
Armour
 c - a +0 buckler
 m - a +0 cloak (melded)
 o - a +0 pair of gloves (melded)
 x - the +0 scale mail of the Dropbear (melded) {Str+3}
   (You found it in a sewer)

   Str:       It affects your strength (+3).
Jewellery
 p - a ring of positive energy (left branch)
 s - an amulet of the acrobat (around neck)
 v - a ring of ice
Wands
 l - a wand of roots (9)
 y - a wand of light (9)
Scrolls
 g - 7 scrolls of teleportation
Potions
 d - 2 potions of might
 f - 3 potions of curing
 i - 2 potions of brilliance {unknown}
 j - 3 potions of degeneration
 k - a potion of flight {unknown}
 n - a potion of lignification
 q - 2 potions of invisibility
 r - a potion of resistance {unknown}
 u - a potion of haste {unknown}
 w - 2 potions of magic
 z - a potion of mutation {unknown}
 A - a potion of berserk rage {unknown}
 B - a potion of heal wounds {unknown}
 C - a potion of cancellation {unknown}


   Skills:
 - Level 3.0 Fighting
 * Level 11.0 Axes
 - Level 2.6 Armour
 - Level 3.3 Shields


You had 8 spell levels left.
You didn't know any spells.
Your spell library contained the following spells:

 Spells                   Type           Power      Damage    Failure   Level
 Apportation              Tloc           0%         N/A       38%         1
 Necrotise                Necr           0%         1d4       38%         1
 Slow                     Hex            0%         N/A       38%         1
 Summon Small Mammal      Summ           0%         N/A       38%         1
 Confusing Touch          Hex            0%         N/A       77%         3
 Portal Projectile        Hex/Tloc       0%         N/A       77%         3
 Tukima's Dance           Hex            0%         N/A       77%         3
 Vampiric Draining        Necr           0%         2d6       77%         3
 Blade Hands              Tmut           0%         N/A       100%        5
 Chain Lightning          Conj/Air       0%         N/A       100%        9
 Fire Storm               Conj/Fire      0%         5d1       100%        9
 Shatter                  Erth           0%         3d5*      100%        9


Dungeon Overview and Level Annotations

Branches:
Dungeon (6/15)              Sewer (visited)
 Temple: D:4-7

Altars:
Ashenzari
Gozag
Okawaru
Wu Jian

Shops:
D:1 =   D:2 *   D:5 [


Innate Abilities, Weirdness & Mutations

You are a tree.
Your roots penetrate the ground, keeping you stationary.
You cannot be teleported.
You are immune to unholy pain and torment.
Your maximum health is greatly increased.
Your equipment is partially melded.
((You are partially covered in molten scales. (AC +2)))
You may rarely emit foul miasma when damaged in melee.
You sometimes gain power by taking damage.
((Your touch may inflict irresistible damage on your foes.))


Message History

Unknown command.
You closely miss the killer bee. You miss the killer bee.
The killer bee completely misses you.
The killer bee stings you but does no damage. x3
Unknown command.
You hit the killer bee but do no damage.
You slash the killer bee!
You kill the killer bee!
The killer bee stings you but does no damage.
The killer bee stings you.
* * * LOW HITPOINT WARNING * * *
Your Axes skill increases to level 11!
You cannot move.
You cannot move.
Unknown command.
You barely miss the killer bee.
The killer bee stings you but does no damage.
The killer bee barely misses you.
You barely miss the killer bee.
The killer bee stings you but does no damage.
The killer bee stings you.
* * * LOW HITPOINT WARNING * * *
Unknown command.
You barely miss the killer bee.
The killer bee stings you but does no damage. x2
You miss the killer bee.
The killer bee stings you but does no damage.
The killer bee barely misses you.
You barely miss the killer bee. The killer bee stings you.
* * * LOW HITPOINT WARNING * * *
The killer bee stings you but does no damage.
You barely miss the killer bee.
The killer bee stings you but does no damage.
The killer bee stings you.
* * * LOW HITPOINT WARNING * * *
Unknown command.
You hit the killer bee.
The killer bee is moderately wounded.
The killer bee stings you.
You die...

#.##.### #.#
#......# #.#
#..###.## #..
#..#
#..###..####
#.......#/.
#.#####.#.#
###.#y#######
#..#.♣†......
#........####
#..#####.#
#.###..# #
#......#
######.# #.#
... ####


You could see a killer bee.

Vanquished Creatures
  Pikel (D:4)
  Grinder (D:6)
  Edmund (D:5)
  Menkaure (D:5)
  Pargi (Sewer)
  An ice beast (D:6)
  An ogre (D:4)
  A phantom (D:5)
  A centaur (D:6)
  A kobold brigand (D:6)
  2 necrophages
  4 killer bees (D:6)
  2 jellies (D:5)
  2 orc priests (D:5)
  Crazy Yiuf (D:2)
  2 iguanas
  Jessica (D:2)
  11 gnolls
  5 adders
  An ufetubus (D:4)
  3 worms
  A dart slug (D:4)
  13 orcs
  2 bats
  9 endoplasms
  3 giant cockroaches
  7 goblins
  3 hobgoblins
  2 jackals (D:2)
  2 quokkas
  9 ball pythons
  A frilled lizard (D:2)
  15 kobolds
  7 rats
118 creatures vanquished.

Vanquished Creatures (others)
  9 fungi (D:2)
9 creatures vanquished.

Grand Total: 127 creatures vanquished

Notes
Turn   | Place    | Note
-------+----------+-------------------------------------------
     0 | D:1      | ytrimaz the Demonspawn Fighter began the quest for the Orb.
     0 | D:1      | Reached XP level 1. HP: 18/18 MP: 1/1
   113 | D:1      | Reached skill level 2 in Axes
   114 | D:1      | Found Ilysmoigemn's Jewellery Shop.
   356 | D:1      | Gained mutation: You sometimes gain a little power by
                  | taking damage. [demonic ancestry]
   356 | D:1      | Reached XP level 2. HP: 19/24 MP: 2/2
  1376 | D:2      | Reached XP level 3. HP: 29/29 MP: 3/3
  1380 | D:2      | Reached skill level 3 in Axes
  1634 | D:2      | Noticed Jessica
  1641 | D:2      | Killed Jessica
  1642 | D:2      | Gained mutation: You may rarely emit foul miasma when
                  | damaged in melee. [demonic ancestry]
  1642 | D:2      | Reached XP level 4. HP: 22/35 MP: 4/4
  1780 | D:2      | Found Tythioto's Assorted Antiques.
  1930 | D:2      | Found a faded altar of an unknown god.
  2281 | D:2      | Found a runed translucent door.
  2282 | D:2      | Noticed Crazy Yiuf
  2401 | D:2      | Killed Crazy Yiuf
  2402 | D:2      | Reached skill level 4 in Axes
  2776 | D:3      | Gained mutation: Your touch may inflict minor irresistible
                  | damage on your foes. [demonic ancestry]
  2776 | D:3      | Reached XP level 5. HP: 41/41 MP: 5/5
  2911 | D:3      | Found a faded altar of an unknown god.
  2922 | D:3      | Found an ornate altar of the Wu Jian Council.
  3363 | D:3      | Upgraded the game from 0.29-a0-819-g94b489e0ae to
                  | 0.29-a0-823-gc37b1572da
  3927 | D:4      | Reached skill level 5 in Axes
  4045 | D:4      | Noticed an ogre
  4053 | D:4      | Killed an ogre
  4054 | D:4      | Gained mutation: You are partially covered in molten
                  | scales. (AC +2) [demonic ancestry]
  4054 | D:4      | Reached XP level 6. HP: 34/47 MP: 6/6
  4158 | D:4      | Noticed Pikel
  4168 | D:4      | Killed Pikel
  4169 | D:4      | Reached skill level 7 in Axes
  4169 | D:4      | Gained mutation: Your touch may inflict irresistible damage
                  | on your foes. [demonic ancestry]
  4169 | D:4      | Reached XP level 7. HP: 35/52 MP: 7/7
  4752 | D:5      | Entered Level 5 of the Dungeon
  4752 | D:5      | Found a glowing drain.
  4783 | Sewer    | Entered a sewer
  4809 | Sewer    | Identified the +0 scale mail of the Dropbear {Str+3}
  4848 | Sewer    | Noticed Pargi
  4851 | Sewer    | Killed Pargi
  4852 | Sewer    | Reached skill level 8 in Axes
  5004 | D:5      | Noticed Menkaure
  5010 | D:5      | Killed Menkaure
  5058 | D:5      | Reached XP level 8. HP: 58/58 MP: 8/8
  5233 | D:5      | Found an opulent altar of Gozag.
  5485 | D:5      | Reached skill level 9 in Axes
  5536 | D:5      | Noticed Edmund
  5547 | D:5      | Killed Edmund
  5764 | D:5      | Found Yness's Antique Armour Shoppe.
  5866 | D:5      | Found a broken altar of Ashenzari.
  5866 | D:5      | Found an iron altar of Okawaru.
  5886 | D:5      | Became a worshipper of Ashenzari the Shackled
  6023 | D:6      | Reached skill level 10 in Axes
  6037 | D:6      | Noticed Grinder
  6045 | D:6      | Killed Grinder
  6371 | D:6      | Gained mutation: You sometimes gain power by taking damage.
                  | [demonic ancestry]
  6371 | D:6      | Reached XP level 9. HP: 36/63 MP: 9/9
  6608 | D:6      | Reached skill level 11 in Axes
  6613 | D:6      | HP: 1/94 [killer bee (6)]
  6614 | D:6      | Slain by a killer bee

Illustrated notes

Levels and vault maps discovered:
D:1:      dpeg_arrival_arbitrary_c, layout_loops_corners, serial_shops, shop
D:2:      layout_loops_ring, shapermc_ecumenical_altar_hornbeckon, serial_shops,
          nicolae_square_shop, minmay_tromino_mix6, uniq_crazy_yiuf_cottage,
          uniq_jessica
D:3:      layout_basic, nicolae_overflow_ecumenical_swirl,
          nicolae_figureground_sparkle
D:4:      layout_basic, nicolae_overflow_hidden_temple, uniq_pikel
D:5:      layout_rooms, mainiacjoe_overflow_tiny_flanked,
          amethyst_overflow_temple_binary, serial_shops,
          nicolae_take_the_stairs, cheibrodos_sewer_entry_sluice,
          roderic_serpentine_path, uniq_menkaure, uniq_edmund
D:6:      layout_loops_ring, mainiacjoe_overflow_24_doors,
          minmay_temple_entry_proselytizer, minmay_misc_feat_x,
          solitary_fountain, uniq_duvessa, uniq_grinder, uniq_sigmund,
          uniq_blork_the_orc, uniq_prince_ribbit1

Skill      XL: |  1  2  3  4  5  6  7  8  9 |
---------------+----------------------------+-----
Axes           | 2 3 4 5 7 8 10 11 | 11.0
Shields        | 3 |  3.3
Fighting       | |  3.0
Armour         | |  2.6

Action                   |  1- 3 |  4- 6 |  7- 9 || total
-------------------------+-------+-------+-------++-------
Melee: War axe           |    76 |   104 |   136 ||   316
       Touch             |       |    10 |    21 ||    31
       Punch             |       |     1 |     1 ||     2
  Use: Scroll            |     5 |     3 |     3 ||    11
       Potion            |       |     1 |     2 ||     3
 Stab: Invisible         |       |     1 |       ||     1
Armor: Scale mail        |    34 |    42 |    49 ||   125
       Skin              |       |       |    33 ||    33
Dodge: Dodged            |    38 |    51 |    79 ||   168
Block: Buckler           |    20 |     9 |       ||    29

Table legend: (Time is in decaauts)
 A = Elapsed time spent in this place.
 B = Non-inter-level travel time spent in this place.
 C = Inter-level travel time spent in this place.
 D = Time resting spent in this place.
 E = Time spent auto-exploring this place.
 F = Levels seen in this place.
 G = Mean time per level.
                   A        B        C        D        E       F      G
               +--------+--------+--------+--------+--------+-----+--------+
         Total |   6681 |   6476 |    205 |    209 |   5284 |   7 |  954.4 |
       Dungeon |   6463 |   6258 |    205 |    209 |   5143 |   6 | 1077.2 |
         Sewer |    218 |    218 |      0 |      0 |    141 |   1 |  218.0 |
               +--------+--------+--------+--------+--------+-----+--------+

Top non-repeatable levels by time:
     D:2: 1540 daAuts
     D:1: 1151 daAuts
     D:4: 1098 daAuts
     D:5: 1041 daAuts
     D:3: 1017 daAuts
     D:6: 613 daAuts
   Sewer: 218 daAuts
